 Dungeon Crawl Stone Soup version 0.29-a0-284-gf9362112df (webtiles) character file.

Game seed: 4556357868761738466

126 sylnyx the Poker (level 4, -1/41 HPs)
             Began as a Minotaur Monk on Mar 24, 2022.
             Was an Initiate of Ashenzari.
             Slain by Grinder (4 damage)
             ... while paralysed by Grinder
             ... on level 3 of the Dungeon.
             The game lasted 00:06:55 (2231 turns).

sylnyx the Poker (Minotaur Monk)                    Turns: 2231, Time: 00:06:55

Health: -1/41      AC:  9    Str: 18    XL:     4   Next: 83%
Magic:  3/3        EV:  2    Int:  7    God:    Ashenzari [......]
Gold:   97         SH:  0    Dex: 12    Spells: 3/3 levels left

rFire   . . .      SeeInvis .   o - +3 quarterstaff (chaos)
rCold   . . .      Faith    .   (shield currently unavailable)
rNeg    . . .      Spirit   .   e - +0 chain mail
rPois   .          Reflect  .   (helmet restricted)
rElec   .          Harm     .   q - +0 cloak
rCorr   .          Rampage  .   (no gloves)
Will    .....                   (no boots)
Stlth   ..........              (no amulet)
HPRegen 0.13/turn               (no ring)
MPRegen 0.08/turn               (no ring)

@: paralysed
A: horns 2, retaliatory headbutt
a: Renounce Religion, Curse Item


You were on level 3 of the Dungeon.
You worshipped Ashenzari.
Ashenzari was noncommittal.
You visited 1 branch of the dungeon, and saw 3 of its levels.

You collected 97 gold pieces.

Inventory:

Hand Weapons
 a - a +0 spear
 o - a +3 quarterstaff of chaos (weapon)
Armour
 b - a +0 robe
 e - a +0 chain mail (worn)
 q - a +0 cloak (worn)
Scrolls
 d - 3 scrolls of identify {unknown}
 g - a scroll of amnesia {unknown}
 j - 3 scrolls of teleportation {unknown}
 m - a scroll of fear {unknown}
Potions
 c - a potion of ambrosia
 f - a potion of degeneration {unknown}
 h - 2 potions of curing {unknown}
 i - a potion of resistance {unknown}
 k - a potion of brilliance {unknown}
 l - a potion of heal wounds {unknown}
 n - 2 potions of invisibility {unknown}
 p - a potion of cancellation {unknown}


   Skills:
 + Level 4.4 Fighting
 + Level 4.9 Polearms
 + Level 0.2(3.0) Staves
 + Level 4.0 Dodging
 + Level 2.5 Stealth


You had 3 spell levels left.
You didn't know any spells.
Your spell library contained the following spells:

 Spells                   Type           Power      Damage    Failure   Level
 Foxfire                  Conj/Fire      0%         2x1d4     100%        1
 Ozocubu's Armour         Ice            0%         N/A       100%        3
 Ozocubu's Refrigeration  Ice            0%         4d5       100%        7


Dungeon Overview and Level Annotations

Branches:
Dungeon (3/15)

Altars:
Ashenzari

Annotations:
D:3 Grinder


Innate Abilities, Weirdness & Mutations

You have a pair of horns on your head.
You reflexively headbutt those who attack you in melee.


Message History

Grinder gestures at you.
You suddenly lose the ability to move!
You can move again.
Grinder hits you but does no damage.
You thump Grinder!
Grinder seems to speed up.
Grinder is moderately wounded.
Grinder closely misses you. Grinder gestures at you.
You suddenly lose the ability to move!
Grinder blinks! x2
You can move again.
Things that are here:
a +0 dagger; a kobold corpse; a rat corpse Grinder hits you.
You writhe in agony.
You barely miss Grinder.
Grinder is moderately wounded.
You hear the slow rusting of a distant drain.
Grinder hits you.
You writhe in agony.
Grinder hits you.
You writhe in agony.
You sock Grinder!
Grinder is heavily wounded.
Grinder closely misses you.
You closely miss Grinder.
Grinder is heavily wounded.
Grinder hits you.
You writhe in agony.
* * * LOW HITPOINT WARNING * * *
Grinder closely misses you. You furiously retaliate!
You headbutt Grinder. You hit Grinder.
Grinder is severely wounded.
Grinder hits you but does no damage.
Grinder says, "Mostly I couldn't keep them alive."
Grinder gestures at you.
You suddenly lose the ability to move!
Grinder gestures at you.
You barely resist. Grinder hits you but does no damage. Grinder hits you.
* * * LOW HITPOINT WARNING * * *
You writhe in agony.
* * * LOW HITPOINT WARNING * * *
Grinder hits you.
You die...

+....+.. .........
#.###....#.. .........
#.#.'....†.. ........#
#.#.#....#.. ..).....#
#.#.#....#.. ..(.....#
#.#.######.. ........#
#.#.#.<....#
......5.#####.#.########
.......@)..............
#####..######.#.#..####
##. #.#.#..# #. #.#.#
... ## #.#.# .#.# #.#.#
#.# #.#.# # #.#.#


You could see Grinder (fast).

Vanquished Creatures
  Crazy Yiuf (D:2)
  Terence (D:2)
  4 adders (D:2)
  2 dart slugs (D:1)
  4 bats
  4 endoplasms
  2 goblins
  A hobgoblin (D:1)
  2 quokkas (D:1)
  2 ball pythons (D:1)
  3 frilled lizards (D:1)
  4 kobolds
  7 rats
37 creatures vanquished.

Notes
Turn   | Place    | Note
-------+----------+-------------------------------------------
     0 | D:1      | sylnyx the Minotaur Monk began the quest for the Orb.
     0 | D:1      | Reached XP level 1. HP: 19/19 MP: 0/0
    15 | D:1      | Found a faded altar of an unknown god.
    33 | D:1      | Got Plato's Grimoire of the Blaze
    34 | D:1      | Prayed at the altar of an unknown god.
    34 | D:1      | Became a worshipper of Ashenzari the Shackled
   182 | D:1      | Reached XP level 2. HP: 12/27 MP: 1/1
  1027 | D:2      | Reached XP level 3. HP: 28/33 MP: 2/2
  1193 | D:2      | Found a runed translucent door.
  1194 | D:2      | Noticed Crazy Yiuf
  1203 | D:2      | Killed Crazy Yiuf
  1431 | D:2      | Reached XP level 4. HP: 40/40 MP: 3/3
  1542 | D:2      | Noticed Terence
  1551 | D:2      | Killed Terence
  2206 | D:3      | Noticed Grinder
  2217 | D:3      | Paralysed by Grinder for 2 turns
  2220 | D:3      | Paralysed by Grinder for 3 turns
  2228 | D:3      | Paralysed by Grinder for 6 turns
  2231 | D:3      | Slain by Grinder

Illustrated notes

Levels and vault maps discovered:
D:1:      nicolae_arrival_memento_mori, layout_basic,
          shapermc_ecumenical_altar_rom_forum
D:2:      layout_basic, uniq_crazy_yiuf_cottage, uniq_terence
D:3:      layout_basic, lightli_sewer_entry_pipes, uniq_grinder

Skill      XL: |  1  2  3  4 |
---------------+-------------+-----
Polearms       | 4 |  4.9
Fighting       | 4 |  4.4
Stealth        | 2 |  2.5
Dodging        | 4 |  4.0
Staves         | |  0.2

Action                   |  1- 3 |  4- 6 || total
-------------------------+-------+-------++-------
Melee: Spear             |    63 |       ||    63
       Headbutt          |    10 |     5 ||    15
       Quarterstaff      |     1 |    32 ||    33
 Stab: Sleeping          |     6 |       ||     6
Armor: Robe              |     8 |     3 ||    11
       Chain mail        |       |     4 ||     4
Dodge: Dodged            |    23 |    20 ||    43

Table legend: (Time is in decaauts)
 A = Elapsed time spent in this place.
 B = Non-inter-level travel time spent in this place.
 C = Inter-level travel time spent in this place.
 D = Time resting spent in this place.
 E = Time spent auto-exploring this place.
 F = Levels seen in this place.
 G = Mean time per level.
                   A        B        C        D        E       F      G
               +--------+--------+--------+--------+--------+-----+--------+
         Total |   2229 |   2075 |    154 |    648 |   1062 |   3 |  743.0 |
       Dungeon |   2229 |   2075 |    154 |    648 |   1062 |   3 |  743.0 |
               +--------+--------+--------+--------+--------+-----+--------+

Top non-repeatable levels by time:
     D:2: 1185 daAuts
     D:1: 987 daAuts
     D:3: 56 daAuts
